 Dungeon Crawl Stone Soup version 0.28-a0-563-gf77a47075d (webtiles) character file.

Game seed: 13130639173037637701

7806 Ijustatesigmund the Fighter (level 11, -11/71 HPs)
             Began as a Gargoyle Fighter on Sept 30, 2021.
             Was an Elder of Okawaru.
             Mangled by an ettin (21 damage)
             ... on level 8 of the Dungeon.
             The game lasted 00:17:43 (12085 turns).

Ijustatesigmund the Fighter (Gargoyle Fighter)     Turns: 12085, Time: 00:17:43

Health: -11/71     AC: 23    Str: 21    XL:     11   Next: 21%
Magic:  17/17      EV: 11    Int: 13    God:    Okawaru [****..]
Gold:   345        SH:  6    Dex: 12    Spells: 10/10 levels left

rFire   . . .      SeeInvis .   a - +2 flail
rCold   . . .      Faith    .   c - +0 buckler
rNeg    + . .      Spirit   .   b - +1 chain mail
rPois   ∞          Reflect  .   h - +2 hat {Int+3}
rElec   +          Harm     .   j - +2 cloak
rCorr   .          Rampage  .   (no gloves)
Will    .....                   (no boots)
Stlth   ..........              (no amulet)
HPRegen 0.21/turn               (no ring)
MPRegen 0.15/turn               (no ring)

@: heroic, marked
A: sickness immunity, AC +8, negative energy resistance 1, electricity
resistance, torment resistance 1, petrification resistance, clever 1, deformed
body
a: Renounce Religion, Heroism, Finesse


You were on level 8 of the Dungeon.
You worshipped Okawaru.
Okawaru was greatly pleased with you.
You visited 2 branches of the dungeon, and saw 10 of its levels.

You collected 422 gold pieces.
You spent 77 gold pieces at shops.

Inventory:

Hand Weapons
 a - a +2 flail (weapon)
Armour
 b - a +1 chain mail (worn)
 c - a +0 buckler (worn)
 h - a +2 hat of intelligence (worn)
 j - a +2 cloak (worn)
Wands
 i - a wand of flame (45)
 k - a wand of digging (3)
 n - a wand of polymorph (1)
Potions
 e - a potion of magic


   Skills:
 + Level 9.3(14.3) Fighting
 + Level 8.8(13.8) Maces & Flails
 - Level 7.7(12.7) Armour
 + Level 2.7(7.7) Dodging
 - Level 3.2(8.2) Shields
 + Level 8.1 Invocations
 - Level 6.2 Evocations


You had 10 spell levels left.
You didn't know any spells.
Your spell library contained the following spells:

 Spells                   Type           Power      Damage    Failure   Level
 Ozocubu's Armour         Ice            0%         N/A       99%         3
 Blade Hands              Tmut           0%         N/A       100%        5
 Metabolic Englaciation   Hex/Ice        0%         N/A       100%        5
 Iron Shot                Conj/Erth      0%         9d1       100%        6
 Ozocubu's Refrigeration  Ice            0%         4d5       100%        7
 Animate Armour           Summ/Erth      Unusable   N/A       N/A         4
 Simulacrum               Ice/Necr       Unusable   N/A       N/A         6

Dungeon Overview and Level Annotations

Branches:
Dungeon (9/15)             Temple (1/1) D:6
   Lair: D:8-11         Orc: D:9-12

Altars:
Ashenzari
Cheibriados
Dithmenos
Elyvilon
Fedhas
Gozag
Hepliaklqana
Kikubaaqudgha
Makhleb
Nemelex Xobeh
Okawaru
Qazlal
Ru
Sif Muna
Trog
Uskayaw
Vehumet
Wu Jian
Xom
Yredelemnul
Zin
The Shining One

Shops:
D:2 *!   D:5 (

Annotations:
D:6 2 transporters


Innate Abilities, Weirdness & Mutations

You are immune to sickness and miasma.
Your stone body is resilient. (AC +8)
You are immune to poison.
You resist negative energy. (rN+)
You are resistant to electric shocks. (rElec)
You are resistant to unholy torment.
You are immune to petrification.
Your mind is acute. (Int +2)
Armour fits poorly on your strangely shaped body.


Message History

You sock Harold!
Harold is moderately wounded.
You block Harold's attack.
You bludgeon Harold!!
Harold is heavily wounded.
Harold hits you with a +0 war axe.
* * * LOW HITPOINT WARNING * * *
You sock Harold!
Harold is severely wounded.
You hit Harold.
Harold is severely wounded.
Harold closely misses you.
You sock Harold!
Harold is almost dead.
Harold hits you but does no damage.
You completely miss Harold.
Harold is almost dead.
You hit Harold.
Harold is almost dead.
Harold hits you but does no damage.
You hit Harold but do no damage.
Harold is almost dead.
Harold hits you with a +0 war axe!
* * * LOW HITPOINT WARNING * * *
You completely miss Harold.
Harold is almost dead.
You sock Harold!
You kill Harold!
Okawaru is honoured by your kill.
Your Invocations skill increases to level 8!
You start resting.
Magic restored.
You start resting.
A boulder beetle is nearby!
Aiming: Polymorph
Press: ? - help, Shift-Dir - straight line, f - boulder beetle
Aim: a boulder beetle (will become an ettin, a spark wasp, or a lindwurm, chance to affect: 47%)
The boulder beetle evaporates and reforms as an ettin!
The ettin hits you!!
You die...

#............#
##............#
#.............#
#............##
#............#
#............#
#............#
#..C........## ####
#..@........## #..#
##.........))####..#
#..........#).##..#
#.........###).....
#.........# #......
##......### #......
##..#### ##......
#### #.......
#........


You could see an ettin.

Vanquished Creatures
  Gastronok (D:8)
  Harold (D:8)
  A two-headed ogre (D:6)
  Maurice (D:8)
  Grinder (D:5)
  2 wyverns (D:8)
  6 yaks (D:8)
  2 basilisks (D:8)
  2 steam dragons
  5 water moccasins (D:8)
  2 hornet zombies
  4 black bears
  A sky beast (D:6)
  4 ice beasts
  A necrophage (D:7)
  4 centaurs
  3 wolves
  An ogre (D:5)
  A water moccasin zombie (D:6)
  A wyvern zombie (D:6)
  A bullfrog (D:5)
  4 scorpions
  A wyvern skeleton (D:6)
  A howler monkey (D:6)
  2 bullfrog zombies
  2 hounds (D:5)
  2 gnoll shamans (D:4)
  An orc priest (D:8)
  A centaur skeleton (D:7)
  2 bullfrog skeletons
  2 orc wizards
  A howler monkey zombie (D:8)
  9 gnolls
  6 adders
  2 shadow imps
  2 white imps (D:7)
  3 adder skeletons
  A worm (D:3)
  3 dart slugs
  15 orcs
  8 endoplasms
  3 giant cockroaches
  6 goblins
  9 hobgoblins
  5 jackals
  8 kobolds
  2 quokkas
  5 ball pythons
  8 bats
  5 frilled lizards
  3 rats
167 creatures vanquished.

Vanquished Creatures (others)
  7 fungi (D:8)
  17 plants (D:8)
24 creatures vanquished.

Grand Total: 191 creatures vanquished

Notes
Turn   | Place    | Note
-------+----------+-------------------------------------------
     0 | D:1      | Ijustatesigmund the Gargoyle Fighter began the quest for
                  | the Orb.
     0 | D:1      | Reached XP level 1. HP: 14/14 MP: 1/1
   198 | D:1      | Found a faded altar of an unknown god.
   201 | D:1      | Reached XP level 2. HP: 14/19 MP: 2/2
   973 | D:1      | Reached XP level 3. HP: 24/24 MP: 3/3
  1880 | D:2      | Found Ysig's Distillery.
  1928 | D:2      | Bought a potion of heal wounds for 50 gold pieces
  2044 | D:2      | Reached skill level 4 in Fighting
  2086 | D:2      | Reached XP level 4. HP: 29/29 MP: 4/4
  2115 | D:2      | Found Jahakh's Assorted Antiques.
  3118 | D:3      | Noticed a scorpion
  3138 | D:3      | Killed a scorpion
  3139 | D:3      | Reached XP level 5. HP: 19/34 MP: 5/5
  3982 | D:4      | Reached XP level 6. HP: 28/40 MP: 6/6
  3996 | D:4      | Reached skill level 5 in Maces & Flails
  4000 | D:4      | Reached skill level 5 in Fighting
  4215 | D:4      | Noticed a black bear
  4227 | D:4      | Killed a black bear
  4525 | D:4      | Reached XP level 7. HP: 37/44 MP: 7/7
  4997 | D:5      | Entered Level 5 of the Dungeon
  5069 | D:5      | Noticed Grinder
  5097 | D:5      | Killed Grinder
  5098 | D:5      | Reached skill level 6 in Fighting
  5098 | D:5      | Reached skill level 5 in Armour
  5600 | D:5      | Reached XP level 8. HP: 50/52 MP: 8/8
  5621 | D:5      | Found Gomisteg's Weapon Emporium.
  5796 | D:5      | Found a shadowy altar of Dithmenos.
  5796 | D:5      | Found a blossoming altar of Fedhas.
  5830 | D:5      | Found an ornate altar of the Wu Jian Council.
  6587 | D:6      | Reached skill level 7 in Fighting
  6690 | D:6      | Noticed a two-headed ogre
  6699 | D:6      | Killed a two-headed ogre
  6700 | D:6      | Reached XP level 9. HP: 7/59 MP: 9/9
  7011 | D:6      | Noticed a boulder beetle
  7014 | D:6      | Noticed a manticore
  7018 | D:6      | Found a radiant altar of Vehumet.
  7018 | D:6      | Found a transporter.
  7029 | D:6      | Found a transporter.
  7091 | D:6      | Reached skill level 8 in Fighting
  7413 | D:5      | Gained mutation: Armour fits poorly on your strangely
                  | shaped body. [potion of mutation]
  7413 | D:5      | Gained mutation: Your large and strong wings let you fly.
                  | [potion of mutation]
  7413 | D:5      | Gained mutation: Your mind is acute. (Int +2) [potion of
                  | mutation]
  7601 | D:2      | Bought a fuming dark potion for 27 gold pieces
  7791 | D:6      | Reached skill level 1 in Evocations
  7937 | D:6      | Found a staircase to the Ecumenical Temple.
  7943 | Temple   | Entered the Ecumenical Temple
  8092 | Temple   | Became a worshipper of Warmaster Okawaru
  8262 | D:6      | Lost mutation: Your large and strong wings let you fly.
                  | [potion of mutation]
  8279 | D:7      | Reached skill level 1 in Invocations
  8701 | D:7      | Found a glowing silver altar of Zin.
  8710 | D:7      | Reached * piety under Okawaru
  8817 | D:7      | Found a white marble altar of Elyvilon.
  9561 | D:8      | Reached XP level 10. HP: 65/65 MP: 13/13
  9570 | D:8      | Noticed Maurice
  9779 | D:8      | Noticed Gastronok
  9807 | D:8      | Killed Gastronok
  9807 | D:8      | Reached ** piety under Okawaru
  9808 | D:8      | Reached skill level 5 in Evocations
 10068 | D:8      | Noticed a boulder beetle
 10073 | D:8      | Noticed Harold
 10130 | D:9      | Reached *** piety under Okawaru
 10136 | D:9      | HP: 3/65 [steam dragon/ball of steam (3)]
 11262 | D:8      | Reached skill level 1 in Dodging
 11401 | D:8      | Reached **** piety under Okawaru
 11421 | D:8      | Reached skill level 9 in Fighting
 11421 | D:8      | Reached XP level 11. HP: 9/71 MP: 16/16
 11854 | D:8      | Killed Maurice
 12055 | D:8      | HP: 3/71 [Harold (12)]
 12057 | D:8      | Killed Harold
 12079 | D:8      | Noticed an ettin
 12079 | D:8      | a boulder beetle changed into an ettin
 12085 | D:8      | Mangled by an ettin

Illustrated notes

Levels and vault maps discovered:
D:1:      roderic_octagonal_star, layout_loops_ring,
          ebering_ecumenical_altar_box, minmay_misc_feat_cross
D:2:      layout_basic, serial_shops, nicolae_shop_behind_doors, shop,
          chequers_serial_rivers_micro_b, dk_noncrumbling_3
D:3:      layout_loops_corners, feat_on_display
D:4:      layout_loops_ring, hangedman_abyss_or_decor_passed
D:5:      layout_cave_pools, general_overflow_altar,
          gammafunk_temple_overflow_wave, serial_shops, nicolae_square_shop,
          uniq_grinder
D:6:      layout_cave_pools, gammafunk_temple_overflow_arena,
          minmay_temple_entry_enclosed_plants, st_stairs_9
D:7:      layout_basic, elyvilon_altar_1, mainiacjoe_overflow_six_doors_small,
          st_stairs_5
D:8:      layout_cave_pods, minmay_lair_entry_grove, eino_tiny_chamber,
          uniq_gastronok, uniq_maurice, uniq_harold
D:9:      layout_loops_cross, minmay_lizard_king
Temple:   eino_temple_scatter_basement

Skill      XL: |  1  2  3  4  5  6  7  8  9 10 11 |
---------------+----------------------------------+-----
Maces & Flails | 3 4 5 6 7 8 |  8.8
Fighting       | 4 5 6 7 8 9 |  9.3
Armour         | 4 5 7 |  7.7
Evocations     | 4 6 |  6.2
Invocations    | 4 7 8 |  8.1
Dodging        | 2 |  2.7
Shields        | |  3.2

Action                   |  1- 3 |  4- 6 |  7- 9 | 10-12 || total
-------------------------+-------+-------+-------+-------++-------
Melee: Flail             |   121 |   146 |   293 |   255 ||   815
       Unarmed           |       |       |     8 |    10 ||    18
Invok: Heroism           |       |       |       |     6 ||     6
Evoke: Wand              |       |       |     6 |    12 ||    18
  Use: Scroll            |     1 |     3 |     6 |     3 ||    13
       Potion            |       |     4 |     5 |     7 ||    16
Armor: Scale mail        |    77 |     8 |       |       ||    85
       Chain mail        |       |    96 |   254 |   211 ||   561
Dodge: Dodged            |    62 |    71 |   148 |   103 ||   384
Block: Buckler           |    25 |    34 |    73 |    74 ||   206

Table legend: (Time is in decaauts)
 A = Elapsed time spent in this place.
 B = Non-inter-level travel time spent in this place.
 C = Inter-level travel time spent in this place.
 D = Time resting spent in this place.
 E = Time spent auto-exploring this place.
 F = Levels seen in this place.
 G = Mean time per level.
                   A        B        C        D        E       F      G
               +--------+--------+--------+--------+--------+-----+--------+
         Total |  12091 |  11721 |    370 |   4802 |   5271 |  10 | 1209.1 |
       Dungeon |  11925 |  11589 |    336 |   4802 |   5153 |   9 | 1325.0 |
        Temple |    166 |    133 |     33 |      0 |    118 |   1 |  166.0 |
               +--------+--------+--------+--------+--------+-----+--------+

Top non-repeatable levels by time:
     D:8: 1736 daAuts
     D:3: 1643 daAuts
     D:5: 1631 daAuts
     D:4: 1523 daAuts
     D:1: 1473 daAuts
     D:7: 1071 daAuts
     D:6: 987 daAuts
     D:9: 940 daAuts
     D:2: 918 daAuts
  Temple: 166 daAuts
